 Dungeon Crawl Stone Soup version 0.13.0-26-gf7ffa3a (webtiles) character file.

823 Impy the Poker (level 7, -3/51 HPs)
             Began as a Demonspawn Gladiator on Oct 31, 2013.
             Killed from afar by an orc wizard (9 damage)
             ... with a puff of flame
             ... on Level 5 of the Dungeon.
             The game lasted 00:16:13 (3572 turns).

Impy the Poker (Demonspawn Gladiator)               Turns: 3572, Time: 00:16:14

HP  -3/51        AC  4     Str 16      XL: 7   Next: 15%
MP   6/6         EV 10     Int 11      God:
Gold 238         SH 10     Dex 13      Spells:  0 memorised,  6 levels left

Res.Fire  : . . .   See Invis. : .   a - +1,+0 trident
Res.Cold  : . . .   Warding    : .   h - +0 elf leather armour
Life Prot.: + . .   Conserve   : .   k - +1 buckler
Res.Poison: .       Res.Corr.  : .   (helmet restricted)
Res.Elec. : .       Clarity    : .   (no cloak)
Sust.Abil.: . .     Spirit.Shd : .   (no gloves)
Res.Mut.  : .       Stasis     : .   (no boots)
Res.Rott. : .       Flight     : .   (no amulet)
Saprovore : . . .                    g - ring of positive energy
                                     t - ring of sustenance

@: heavily drained, slightly resistant to hostile enchantments, very unstealthy
A: antennae 1, powered by death 2, AC +1
a: no special abilities


You were on level 5 of the Dungeon.
You were not hungry.

You visited 1 branch of the dungeon, and saw 5 of its levels.

You collected 218 gold pieces.

Inventory:

Hand weapons
 a - a +1,+0 trident (weapon)
Armour
 h - a +0 elven leather armour (worn)
 k - a +1 buckler (worn)
Magical devices
 p - a wand of frost (1)
Comestibles
 f - 5 bread rations
 n - a meat ration
 r - a pear
Scrolls
 c - 2 scrolls of identify
 l - a scroll of curse armour
 m - a scroll of enchant armour
 o - 5 scrolls of remove curse {unknown}
Jewellery
 g - a ring of positive energy (right hand)
 j - an uncursed ring of wizardry
 q - an uncursed ring of magical power
 t - a ring of sustenance (left hand)


   Skills:
 - Level 2.0(0.2) Fighting
 + Level 5.6(3.6) Polearms
 - Level 1.7(0.0) Throwing
 - Level 2.9(1.1) Dodging
 + Level 4.6(2.7) Shields


You had 6 spell levels left.
You didn't know any spells.

Dungeon Overview and Level Annotations

Branches:
Dungeon (5/27)
 Temple: D:4-7

Altars:


Innate Abilities, Weirdness & Mutations

You have a pair of small antennae on your head.
You are partially covered in icy blue scales (AC +1).
You can steal the life force of defeated enemies.


Message History

* * * LOW HITPOINT WARNING * * *
The ball python constricts you.
You hit the ball python.
You kill the ball python!
You start resting.
You hear some strange, mumbled words.
The magic dart hits you!
* * * LOW HITPOINT WARNING * * *
You start resting.
It hits you.
* * * LOW HITPOINT WARNING * * *
You partially resist.
You feel drained.
* * * LOW HITPOINT WARNING * * *
You miss it. It completely misses you.
You barely miss it. It hits you!
* * * LOW HITPOINT WARNING * * *
You partially resist.
You feel drained.
You barely miss it.
You hear some strange, mumbled words.
The puff of flame hits you!
You die...

...............#.#
........#####...##
#######.# #..##
.%# #.# #..# ..#
#.# ##.# ..#####.#
#.# ........#
#.### ..#####.#
##...####### ###
##.## #..%@......#
######...#
#..#.#####.#
....##.#.# #..#.#
#.# ###{##...#
#..#.# #.#
#.###.#####..#.#
#.#
#..............#
#.#
#####.#####.####
#.# #.# #.# #.#
#.# #.# #.#


There were no monsters in sight!

Vanquished Creatures
  Edmund (D:5)
  An ice beast (D:5)
  An ogre (D:4)
  3 worker ants
  11 adders
  4 gnolls (D:2)
  2 giant mites (D:4)
  2 giant eyeballs
  2 giant geckos
  2 oozes
  3 orcs
  5 bats
  8 giant cockroaches
  10 goblins
  9 hobgoblins
  4 jackals (D:3)
  2 quokkas (D:4)
  3 ball pythons
  2 giant newts (D:2)
  6 kobolds
  A quokka skeleton (D:4)
  6 rats
88 creatures vanquished.

Notes
Turn   | Place    | Note
--------------------------------------------------------------
     0 | D:1      | Impy, the Demonspawn Gladiator, began the quest for the Orb.
     0 | D:1      | Reached XP level 1. HP: 17/17 MP: 0/0
   174 | D:1      | Reached skill level 3 in Polearms
   463 | D:2      | Gained mutation: You can steal the life force of nearby defeated enemies. [demonic ancestry]
   463 | D:2      | Reached XP level 2. HP: 23/23 MP: 1/1
   529 | D:2      | Reached skill level 1 in Shields
   631 | D:2      | Gained mutation: You can steal the life force of defeated enemies. [demonic ancestry]
   631 | D:2      | Reached XP level 3. HP: 24/28 MP: 2/2
   839 | D:2      | Gained mutation: You have a pair of small antennae on your head. [demonic ancestry]
   839 | D:2      | Reached XP level 4. HP: 31/35 MP: 3/3
  1004 | D:2      | Reached skill level 4 in Polearms
  1082 | D:2      | Paralysed by a potion of paralysis for 6 turns
  1726 | D:3      | Gained mutation: You are partially covered in icy blue scales (AC +1). [demonic ancestry]
  1726 | D:3      | Reached XP level 5. HP: 40/40 MP: 4/4
  2458 | D:4      | Noticed an ogre
  2464 | D:4      | Killed an ogre
  2464 | D:4      | Reached XP level 6. HP: 43/46 MP: 5/5
  2824 | D:4      | Paralysed by a giant eyeball for 3 turns
  2980 | D:5      | Entered Level 5 of the Dungeon
  3009 | D:5      | Reached skill level 5 in Polearms
  3462 | D:5      | Paralysed by a giant eyeball for 2 turns
  3465 | D:5      | Noticed Edmund
  3469 | D:5      | Paralysed by a giant eyeball for 2 turns
  3528 | D:5      | Killed Edmund
  3528 | D:5      | Reached XP level 7. HP: 3/51 MP: 6/6
  3572 | D:5      | Killed from afar by an orc wizard

Action                   |  1- 3 |  4- 6 |  7- 9 || total
-------------------------+-------+-------+-------++-------
Melee: Trident           |    64 |   301 |     5 ||   370
Throw: Throwing net      |     7 |    12 |       ||    19
Evoke: Wand              |       |     8 |     1 ||     9
  Use: Potion            |     4 |     9 |       ||    13
       Scroll            |     6 |     6 |       ||    12
 Stab: Invisible         |       |     3 |       ||     3
       Held in net/web   |       |     1 |       ||     1
       Sleeping          |       |     1 |       ||     1
